 Dungeon Crawl Stone Soup version 0.27-a0-334-g52645efa06 (webtiles) character file.

Game seed: 515621038068849660

32 inc the Vexing (level 3, 14/14 HPs)
             Began as a Felid Enchanter on Feb 13, 2021.
             Quit the game on level 3 of the Dungeon.
             The game lasted 00:03:31 (3642 turns).

inc the Vexing (Felid Enchanter)                    Turns: 3642, Time: 00:03:32

Health: 14/14      AC:  1    Str:  4    XL:     3   Next: 8%
Magic:  8/8        EV: 18    Int: 16    God:
Gold:   200        SH:  5    Dex: 17    Spells: 4/7 levels left
                                        Lives:  0   Deaths: 1

rFire    . . .     SeeInvis +     - Unarmed
rCold    . . .     Faith    .   (shield unavailable)
rNeg     . . .     Spirit   .   (armour unavailable)
rPois    .         Reflect  +   (helmet unavailable)
rElec    .         Harm     .   (cloak unavailable)
rCorr    .         Rampage  .   (gloves unavailable)
Will     .....                  (boots unavailable)
Stlth    +++.......             k - amulet of reflection
HPRegen  0.04/turn              (no ring)
MPRegen  0.11/turn              (no ring)

@: quick
A: very small, no armour, no weapons or thrown items, stealth, claws 1, fangs 3,
see invisible, speed 1, shaggy fur 1, sharp paws
a: no special abilities


You were on level 3 of the Dungeon.
You visited 1 branch of the dungeon, and saw 3 of its levels.

You collected 200 gold pieces.

Inventory:

Jewellery
 k - an amulet of reflection (around neck)
Scrolls
 b - 5 scrolls of identify {unknown}
 c - 2 scrolls of amnesia {unknown}
 f - a scroll of fear {unknown}
 i - a scroll of blinking {unknown}
Potions
 a - a potion of mutation {unknown}
 d - a potion of haste {unknown}
 e - a potion of lignification {unknown}
 g - 2 potions of attraction
 h - 2 potions of cancellation {unknown}
 j - a potion of berserk rage {unknown}
 l - a potion of degeneration {unknown}


   Skills:
 - Level 2.6 Dodging
 - Level 4.0 Stealth
 - Level 2.5 Unarmed Combat
 + Level 2.8 Spellcasting
 - Level 4.9 Hexes
 - Level 1.1 Ice Magic


You had 4 spell levels left.
You knew the following spells:

 Your Spells              Type           Power        Failure   Level
a - Corona                Hex            20%          2%          1
b - Ensorcelled Hibernat  Hex/Ice        22%          9%          2

Your spell library contained the following spells:

 Spells                   Type           Power        Failure   Level
 Confusing Touch          Hex            18%          8%          3
 Tukima's Dance           Hex            18%          8%          3
 Dazzling Flash           Conj/Hex       20%          21%         3


Dungeon Overview and Level Annotations

Branches:
Dungeon (3/15)

Altars:
Okawaru


Innate Abilities, Weirdness & Mutations

You cannot wear armour.
You are incapable of wielding weapons or throwing items.
Your paws allow you to move quietly. (Stealth)
You have sharp claws.
You have razor-sharp teeth.
You have supernaturally acute eyesight. (SInv)
You cover ground quickly.
You are covered in fur. (AC +1)
Your sharp claws are effective at attacking unaware monsters.


Message History

Aim: an orc, wielding a +0 club and wearing a +0 ring mail (lightly wounded, chance to affect: 60%)
You miscast Ensorcelled Hibernation.
You are very lightly contaminated with residual magic.
Nothing appears to happen.
The orc closely misses you.
An orc priest comes into view. It is wielding a +0 club.
The gnoll barely misses you. The orc hits you with a +0 club.
Unknown command.
Casting: Ensorcelled Hibernation (safe; 9% risk of failure)
Confirm with . or Enter, or press ? or * to list all spells.
Aiming: Ensorcelled Hibernation (safe; 9% risk of failure)
Press: ? - help, Shift-Dir - straight line, f/p - orc
Aim: an orc, wielding a +0 club and wearing a +0 ring mail (lightly wounded, chance to affect: 60%)
The orc looks drowsy...
The orc shouts!
The orc hits you.
An orc wizard comes into view. It is wielding a +0 dagger.
The gnoll closely misses you.
The gnoll hits you from afar with a +0 halberd!
Ouch! That really hurt!
* * * LOW HITPOINT WARNING * * *
The orc barely misses you.
The orc wizard shouts!
Unknown command.
Okay, then.
Okay, then.
It was a potion of attraction.
You feel attractive to monsters. You block the orc's attack.
The orc wizard casts a spell at itself.
The orc wizard flickers and vanishes for a moment.
The orc priest invokes the aid of Beogh against you.
Beogh smites you!
Ouch! That really hurt!
You die...
You are now level 3!
You rejoin the land of the living...
Unknown command.
Are you sure you want to abandon this character and quit the game? (Confirm with "yes".)
Okay, then.
Are you sure you want to abandon this character and quit the game? (Confirm with "yes".)

###
#..
#..
#..##
#.@#
##.#
#.#
#..
###


There were no monsters in sight!

Vanquished Creatures
  3 adders (D:2)
  A worm (D:2)
  2 dart slugs
  A leopard gecko (D:1)
  3 giant cockroaches
  5 goblins
  7 hobgoblins
  4 jackals (D:2)
  4 bats
  2 frilled lizards
  3 kobolds (D:1)
  2 rats
37 creatures vanquished.

Notes
Turn   | Place    | Note
-------+----------+-------------------------------------------
     0 | D:1      | inc the Felid Enchanter began the quest for the Orb.
     0 | D:1      | Reached XP level 1. HP: 7/7 MP: 4/4
  1077 | D:1      | Reached XP level 2. HP: 11/11 MP: 6/6
  1228 | D:1      | Learned a level 2 spell: Ensorcelled Hibernation
  1940 | D:2      | Reached XP level 3. HP: 11/14 MP: 2/7
  2399 | D:2      | Reached skill level 1 in Ice Magic
  3173 | D:2      | Found an iron altar of Okawaru.
  3211 | D:2      | Reached XP level 4. HP: 18/18 MP: 7/9
  3641 | D:3      | Killed from afar by an orc priest
  3642 | D:3      | Reached XP level 3. HP: -8/14 MP: 3/8
  3642 | D:3      | Quit the game

Illustrated notes

Levels and vault maps discovered:
D:1:      dpeg_arrival_arbitrary_c, layout_basic, minmay_tromino_i2
D:2:      layout_basic, marbit_many_paths
D:3:      layout_rooms, interstate_on_off

Skill      XL: |  1  2  3 |
---------------+----------+-----
Unarmed Combat | 2 |  2.5
Ice Magic      | 1 |  1.1
Dodging        | |  2.6
Stealth        | |  4.0
Spellcasting   | |  2.8
Hexes          | |  4.9

Action                   |  1- 3 |  4- 6 || total
-------------------------+-------+-------++-------
Melee: Unarmed           |   100 |     4 ||   104
       Bite              |     4 |       ||     4
       Punch             |     1 |       ||     1
 Cast: Corona            |     6 |       ||     6
       Ensorcelled Hiber |    17 |     5 ||    22
  Use: Potion            |       |     1 ||     1
 Stab: Sleeping          |    17 |     3 ||    20
Armor: Skin              |     5 |       ||     5
Dodge: Dodged            |    58 |     6 ||    64
Block: Other             |       |     5 ||     5

Table legend: (Time is in decaauts)
 A = Elapsed time spent in this place.
 B = Non-inter-level travel time spent in this place.
 C = Inter-level travel time spent in this place.
 D = Time resting spent in this place.
 E = Time spent auto-exploring this place.
 F = Levels seen in this place.
 G = Mean time per level.
                   A        B        C        D        E       F      G
               +--------+--------+--------+--------+--------+-----+--------+
         Total |   3253 |   3119 |    134 |    999 |   1693 |   3 | 1084.3 |
       Dungeon |   3253 |   3119 |    134 |    999 |   1693 |   3 | 1084.3 |
               +--------+--------+--------+--------+--------+-----+--------+

Top non-repeatable levels by time:
     D:1: 1686 daAuts
     D:2: 1555 daAuts
     D:3: 12 daAuts
